 Dungeon Crawl Stone Soup version 0.28-a0-406-g4bac719ec2 (webtiles) character file.

Game seed: 15173772944203522566

72 zheka71 the Grave Robber (level 4, -1/45 HPs)
             Began as a Human Necromancer on Sept 5, 2021.
             Slain by Natasha (7 damage)
             ... on level 3 of the Dungeon.
             The game lasted 00:15:38 (2403 turns).

zheka71 the Grave Robber (Human Necromancer)        Turns: 2403, Time: 00:15:39

Health: -1/45      AC: 22    Str:  8    XL:     4   Next: 50%
Magic:  3/8        EV:  2    Int: 16    God:
Gold:   103        SH:  0    Dex: 14    Spells: 8/9 levels left

rFire   + . .      SeeInvis .   f - +0 dagger (elec)
rCold   + . .      Faith    .   (no shield)
rNeg    + + +      Spirit   .   (armour currently unavailable)
rPois   +          Reflect  .   (helmet currently unavailable)
rElec   +          Harm     .   (cloak currently unavailable)
rCorr   +          Rampage  .   (gloves currently unavailable)
Will    .....      NoTele   +   (boots currently unavailable)
Stlth   ++........              (no amulet)
HPRegen 0.15/turn               (no ring)
MPRegen 0.11/turn               (no ring)

@: tree-form, resistant
A: stationary, stasis, torment immunity, boosted hp
a: no special abilities


You were on level 3 of the Dungeon.
You were a tree.
You visited 1 branch of the dungeon, and saw 3 of its levels.

You collected 103 gold pieces.

Inventory:

Hand Weapons
 f - a +0 dagger of electrocution (weapon)
Armour
 a - a +1 robe (melded)
 c - a +0 pair of boots (melded)
Potions
 b - a potion of resistance
 d - a potion of lignification


   Skills:
 + Level 0.1 Short Blades
 + Level 2.1 Dodging
 + Level 2.0 Stealth
 + Level 3.0 Spellcasting
 + Level 4.9 Necromancy


You had 8 spell levels left.
You knew the following spells:

 Your Spells              Type           Power      Damage    Failure   Level
a - Pain                  Necr           72%        1d7       2%          1

Your spell library contained the following spells:

 Spells                   Type           Power      Damage    Failure   Level
 Animate Skeleton         Necr           36%        N/A       2%          1
 Vampiric Draining        Necr           9%         2d7       8%          3
 Beastly Appendage        Tmut           4%         N/A       19%         1
 Animate Dead             Necr           9%         N/A       24%         4
 Static Discharge         Conj/Air       2%         N/A       28%         2
 Wereblood                Tmut           2%         N/A       28%         2
 Dazzling Flash           Conj/Hex       4%         N/A       50%         3
 Ozocubu's Armour         Ice            2%         N/A       50%         3
 Spider Form              Tmut/Pois      1%         N/A       50%         3
 Agony                    Necr           18%        N/A       56%         5
 Iskenderun's Mystic Bla  Conj/Tloc      2%         2d3       88%         4
 Lightning Bolt           Conj/Air       1%         1d12      99%         5
 Starburst                Conj/Fire      1%         6d3       100%        6
 Ozocubu's Refrigeration  Ice            1%         4d5       100%        7
 Maxwell's Capacitive Co  Air            1%         ∞         100%        8


Dungeon Overview and Level Annotations

Branches:
Dungeon (3/15)

Altars:
Elyvilon
Nemelex Xobeh

Annotations:
D:3 Natasha


Message History

You kill the goblin!
Natasha casts a spell at you. The magic dart hits you!
Natasha barely resists.
Natasha claws you but does no damage.
An orc comes into view. It is wielding a +0 short sword.
The orc shouts!
You hit the orc.
The orc is moderately wounded.
Natasha closely misses you. x2; The orc hits you but does no damage.
You are too injured to fight recklessly!
As you read the scroll of holy word, it crumbles to dust.
You speak a Word of immense power!
The crimson imp convulses!
You kill the crimson imp!
The crimson imp disappears in a puff of smoke!
Natasha casts a spell at you. The magic dart hits you.
The orc hits you with a +0 short sword.
* * * LOW HITPOINT WARNING * * *
You are too injured to fight recklessly!
It was a potion of resistance.
You feel protected.
Natasha stares at you and mumbles some strange words.
The magic dart hits you.
* * * LOW HITPOINT WARNING * * *
Natasha wildly gestures.
Natasha's front paws start to glow.
Natasha claws you.
* * * LOW HITPOINT WARNING * * *
The orc misses you.
It was a potion of lignification.
You turn into a tree.
Your +0 pair of boots melds into your body.
Your +1 robe melds into your body.
Your roots penetrate the ground.
Natasha barely misses you. The orc hits you but does no damage.
You hit the orc. Lightning courses through the orc!
You kill the orc!
Natasha stares at you and mumbles some strange words.
The magic dart hits you.
* * * LOW HITPOINT WARNING * * *
Natasha claws you but does no damage.
You completely miss Natasha. Natasha claws you!
You die...

.....####..########..
...... #..## .......
......##.#####.......
................5h...
..............##.....
.................#
.....#.##.....o###
..........####gh.#
...#....### ###♣#
#......## #.)......
#....#...##### ###......
....#........#####......
...##.###........# .....
... #............. .##.#
.. #...#'#.......# . .
..... #.#........ ..
...# #.#........


You could see Natasha (fast), an orc and a hobgoblin.

Vanquished Creatures
  2 adders
  A worm (D:2)
  2 dart slugs
  An orc (D:3)
  4 bats
  An endoplasm (D:1)
  3 giant cockroaches
  6 goblins
  5 hobgoblins
  2 quokkas (D:2)
  6 ball pythons
  3 frilled lizards
  7 kobolds
  4 rats (D:1)
47 creatures vanquished.

Vanquished Creatures (others)
  A plant (D:1)
  2 withered plants (D:1)
3 creatures vanquished.

Grand Total: 50 creatures vanquished

Notes
Turn   | Place    | Note
-------+----------+-------------------------------------------
     0 | D:1      | zheka71 the Human Necromancer began the quest for the Orb.
     0 | D:1      | Reached XP level 1. HP: 13/13 MP: 3/3
   285 | D:1      | Reached XP level 2. HP: 13/19 MP: 0/5
   983 | D:1      | Reached XP level 3. HP: 18/24 MP: 0/6
  1126 | D:1      | Found a faded altar of an unknown god.
  1145 | D:1      | Became a worshipper of Elyvilon the Healer
  1145 | D:1      | Reached * piety under Elyvilon
  1284 | D:2      | Was placed under penance by Elyvilon
  1635 | D:2      | Fell from the grace of Elyvilon
  1791 | D:2      | Reached XP level 4. HP: 30/30 MP: 6/8
  2312 | D:3      | Found a sparkling altar of Nemelex Xobeh.
  2390 | D:3      | Noticed Natasha
  2403 | D:3      | Slain by Natasha

Illustrated notes

Levels and vault maps discovered:
D:1:      lemuel_arrival_lava_pool, layout_basic,
          shapermc_ecumenical_altar_flowoftime
D:2:      layout_basic, kennysheep_generic_room_7
D:3:      layout_rooms, mainiacjoe_overflow_surrounded_room,
          gup_sewer_entry_pipe, st_stairs_14, minmay_vboxes, uniq_natasha

Skill      XL: |  1  2  3  4 |
---------------+-------------+-----
Spellcasting   | 3 |  3.0
Short Blades   | |  0.1
Dodging        | |  2.1
Stealth        | |  2.0
Necromancy     | |  4.9

Action                   |  1- 3 |  4- 6 || total
-------------------------+-------+-------++-------
Melee: Unarmed           |     1 |       ||     1
       Dagger            |    28 |     3 ||    31
 Cast: Pain              |    49 |    26 ||    75
  Use: Scroll            |     2 |     6 ||     8
       Potion            |       |     2 ||     2
Armor: Robe              |     5 |     4 ||     9
       Skin              |       |     2 ||     2
Dodge: Dodged            |    23 |    10 ||    33

Table legend: (Time is in decaauts)
 A = Elapsed time spent in this place.
 B = Non-inter-level travel time spent in this place.
 C = Inter-level travel time spent in this place.
 D = Time resting spent in this place.
 E = Time spent auto-exploring this place.
 F = Levels seen in this place.
 G = Mean time per level.
                   A        B        C        D        E       F      G
               +--------+--------+--------+--------+--------+-----+--------+
         Total |   2402 |   2375 |     27 |    990 |    651 |   3 |  800.7 |
       Dungeon |   2402 |   2375 |     27 |    990 |    651 |   3 |  800.7 |
               +--------+--------+--------+--------+--------+-----+--------+

Top non-repeatable levels by time:
     D:1: 1233 daAuts
     D:2: 1069 daAuts
     D:3: 98 daAuts
